 Dungeon Sprint DCSS version 0.21.0 (console) character file.

9000000 hilaritas the Champion of Chaos (level 27, -148/249 HPs)
             Began as a Gnoll Gladiator on Jan 5, 2018.
             Was the Champion of Makhleb.
             Annihilated by a sculptor of flesh
             ... wielding a +9 great sword
              (190 damage)
             ... in the Dungeon (Sprint VIII: "Arena of Blood").
             The game lasted 00:04:04 (90 turns).

hilaritas the Champion of Chaos (Gnoll Gladiator)     Turns: 90, Time: 00:04:05

Health: -148/249   AC:  8    Str: 28    XL:     27
Magic:  24/54      EV: 32    Int: 12    God:    Makhleb [******]
Gold:   0          SH:  0    Dex: 17    Spells: 80/80 levels left

rFire    + . .     SeeInvis .   l - +∞ Axe of Woe
rCold    . . .     Gourm    .   (shield currently unavailable)
rNeg     . . .     Faith    .   b - +0 leather armour
rPois    .         Spirit   .   c - +0 helmet
rElec    .         Reflect  .   (no cloak)
rCorr    .         Harm     .   (no gloves)
MR       ++...     NoTele   +   (no boots)
Stlth    +++++++++.             (no amulet)
HPRegen  0.51/turn              m - ring of protection from fire
MPRegen  0.34/turn              (no ring)

@: no status effects
A: distributed training, fangs 1, strong nose
a: Minor Destruction, Lesser Servant of Makhleb, Major Destruction, Greater
Servant of Makhleb, Renounce Religion


You were in the Dungeon.
You worshipped Makhleb.
Makhleb was exalted by your worship.
You were not hungry.

You visited 1 branch

Inventory:

Hand Weapons
 a - a +0 war axe
 l - the +∞ Axe of Woe (weapon)
   (You found it in the Dungeon)
Missiles
 d - 3 throwing nets (quivered)
Armour
 b - a +0 leather armour (worn)
 c - a +0 helmet (worn)
Jewellery
 m - a ring of protection from fire (left hand)
Scrolls
 k - a scroll of blinking
Potions
 e - a potion of curing
 g - a potion of heal wounds
 h - a potion of haste
 i - 2 potions of magic
 j - a potion of berserk rage
Comestibles
 f - a ration


   Skills:
 O Level 27 Fighting
 O Level 27 Short Blades
 O Level 27 Long Blades
 O Level 27 Axes
 O Level 27 Maces & Flails
 O Level 27 Polearms
 O Level 27 Staves
 O Level 27 Slings
 O Level 27 Bows
 O Level 27 Crossbows
 O Level 27 Throwing
 O Level 27 Armour
 O Level 27 Dodging
 O Level 27 Stealth
 O Level 27 Shields
 O Level 27 Unarmed Combat
 O Level 27 Spellcasting
 O Level 27 Conjurations
 O Level 27 Hexes
 O Level 27 Charms
 O Level 27 Summonings
 O Level 27 Necromancy
 O Level 27 Translocations
 O Level 27 Transmutations
 O Level 27 Fire Magic
 O Level 27 Ice Magic
 O Level 27 Air Magic
 O Level 27 Earth Magic
 O Level 27 Poison Magic
 O Level 27 Invocations
 O Level 27 Evocations


You had 80 spell levels left.
You didn't know any spells.

Dungeon Overview and Level Annotations

Branches:
Dungeon (1/1)

Altars:
Makhleb


Innate Abilities, Weirdness & Mutations

Your experience applies equally to all skills.
You have very sharp teeth.
Your uncanny sense of smell can sniff out nearby items.


Message History

The eight-headed meat hydra calls on the powers of darkness!
The eight-headed meat hydra convulses!
Your body is wracked with pain!
You hear a shout! x3
The eight-headed meat hydra calls on the powers of darkness!
The eight-headed meat hydra convulses!
The bag of meat convulses! x4
The large bag of meat convulses!
The bag of meat convulses! x2
The meat berserker convulses!
The bag of meat convulses! x2
Your body is wracked with pain!
* * * LOW HITPOINT WARNING * * *
You hear a shout!
You hear a shout! x2
The sculptor of flesh is engulfed in blazing flames.
You hear a shout!
The crawling corpse is engulfed in blazing flames.
A crawling corpse merges with a small abomination to form a large abomination.
The meat berserker is engulfed in blazing flames.
You hear a shout! x2
The sculptor of flesh hits you with a +9 great sword!!!!!
Ouch! That really hurt!
You die...

## .#### .. ....####
#.#####......##
................#
.##.o.z@.....D.....
.....§O§...%......%
#.#.o§z§..#.........
...ooo§X####o.........#
..W...XOo.§§..........#
..o.D.oXo..o...#......#
.......X)XX.§.§.......#
..
........xM.L§X§§#x.....#
#.
...#.......)X§X..oxX..#
#..
....#......XX))X##))X..#
.###..
....###.......X).)X)...#


You could see an accursed, 2 eight-headed meat hydras, 2 sculptors of flesh, a
large bag of meat (inner flame), 4 large abominations, a dread, a meat berserker
(berserk), a small abomination and 10 bags of meat.

Vanquished Creatures
  Sigmund (D)
  8 hell beasts (D)
  A greater mummy (D)
  3 wraiths (D)
  10 vampire knights (D)
  30 ogres (D)
  6 two-headed ogres (D)
  2 liches (D)
  65 orcs (D)
  A phantom (D)
  5 skeletal warriors (D)
  4 large abominations (D)
  4 small abominations (D)
  5 crawling corpses (D)
145 creatures vanquished.

Vanquished Creatures (others)
  4 crawling corpses (D)
4 creatures vanquished.

Grand Total: 149 creatures vanquished

Notes
Turn   | Place    | Note
-------+----------+-------------------------------------------
     0 | D        | Found the +∞ Axe of Woe
     0 | D        | hilaritas the Gnoll Gladiator began the quest for the Orb.
     0 | D        | Reached XP level 1. HP: 20/20 MP: 1/1
     3 | D        | Noticed a bag of meat
     3 | D        | Noticed a bag of meat
     3 | D        | Noticed a bag of meat
     4 | D        | Noticed a bag of meat
     4 | D        | Became a worshipper of Makhleb the Destroyer
     5 | D        | Noticed a bag of meat
     5 | D        | Noticed a bag of meat
     5 | D        | Noticed a bag of meat
     6 | D        | Noticed a bag of meat
     6 | D        | Noticed a bag of meat
     7 | D        | Noticed a meat berserker
     7 | D        | Killed a bag of meat
     7 | D        | Reached skill level 10 in Short Blades
     7 | D        | Reached skill level 10 in Long Blades
     7 | D        | Reached skill level 10 in Maces & Flails
     7 | D        | Reached skill level 10 in Polearms
     7 | D        | Reached skill level 10 in Staves
     7 | D        | Reached skill level 10 in Slings
     7 | D        | Reached skill level 10 in Bows
     7 | D        | Reached skill level 10 in Crossbows
     7 | D        | Reached skill level 10 in Armour
     7 | D        | Reached skill level 10 in Stealth
     7 | D        | Reached skill level 10 in Shields
     7 | D        | Reached skill level 10 in Unarmed Combat
     7 | D        | Reached skill level 10 in Spellcasting
     7 | D        | Reached skill level 10 in Evocations
     7 | D        | Reached XP level 2. HP: 38/38 MP: 1/13
     7 | D        | Reached XP level 3. HP: 44/44 MP: 1/15
     7 | D        | Reached XP level 4. HP: 51/51 MP: 1/16
     7 | D        | Reached XP level 5. HP: 57/57 MP: 1/18
     7 | D        | Reached XP level 6. HP: 63/63 MP: 1/19
     7 | D        | Reached XP level 7. HP: 69/69 MP: 1/21
     7 | D        | Reached XP level 8. HP: 76/76 MP: 1/22
     7 | D        | Reached XP level 9. HP: 82/82 MP: 1/23
     7 | D        | Reached XP level 10. HP: 89/89 MP: 1/24
     7 | D        | Reached XP level 11. HP: 95/95 MP: 1/25
     7 | D        | Reached XP level 12. HP: 101/101 MP: 1/26
     8 | D        | Noticed a meat berserker
     9 | D        | Noticed a bag of meat
     9 | D        | Killed a bag of meat
     9 | D        | Reached * piety under Makhleb
     9 | D        | Reached skill level 10 in Conjurations
     9 | D        | Reached skill level 10 in Hexes
     9 | D        | Reached skill level 10 in Charms
     9 | D        | Reached skill level 10 in Summonings
     9 | D        | Reached skill level 10 in Necromancy
     9 | D        | Reached skill level 10 in Translocations
     9 | D        | Reached skill level 10 in Transmutations
     9 | D        | Reached skill level 10 in Fire Magic
     9 | D        | Reached skill level 10 in Ice Magic
     9 | D        | Reached skill level 10 in Air Magic
     9 | D        | Reached skill level 10 in Earth Magic
     9 | D        | Reached skill level 10 in Poison Magic
     9 | D        | Reached XP level 13. HP: 94/111 MP: 1/29
     9 | D        | Killed a bag of meat
     9 | D        | Reached XP level 14. HP: 101/120 MP: 1/31
     9 | D        | Killed a bag of meat
     9 | D        | Reached skill level 15 in Fighting
     9 | D        | Reached skill level 15 in Axes
     9 | D        | Reached skill level 15 in Throwing
     9 | D        | Reached skill level 15 in Dodging
     9 | D        | Reached skill level 15 in Invocations
    10 | D        | Noticed a bag of meat
    10 | D        | Killed a bag of meat
    10 | D        | Reached ** piety under Makhleb
    10 | D        | Reached skill level 15 in Short Blades
    10 | D        | Reached skill level 15 in Long Blades
    10 | D        | Reached skill level 15 in Maces & Flails
    10 | D        | Reached skill level 15 in Polearms
    10 | D        | Reached skill level 15 in Staves
    10 | D        | Reached skill level 15 in Slings
    10 | D        | Reached skill level 15 in Bows
    10 | D        | Reached skill level 15 in Crossbows
    10 | D        | Reached skill level 15 in Armour
    10 | D        | Reached skill level 15 in Stealth
    10 | D        | Reached skill level 15 in Shields
    10 | D        | Reached skill level 15 in Unarmed Combat
    10 | D        | Reached skill level 15 in Spellcasting
    10 | D        | Reached skill level 15 in Evocations
    10 | D        | Reached XP level 15. HP: 76/130 MP: 1/34
    10 | D        | Killed a meat berserker
    10 | D        | Reached XP level 16. HP: 141/141 MP: 1/36
    11 | D        | Noticed a meat berserker
    12 | D        | Killed a meat berserker
    12 | D        | Reached skill level 15 in Conjurations
    12 | D        | Reached skill level 15 in Hexes
    12 | D        | Reached skill level 15 in Charms
    12 | D        | Reached skill level 15 in Summonings
    12 | D        | Reached skill level 15 in Necromancy
    12 | D        | Reached skill level 15 in Translocations
    12 | D        | Reached skill level 15 in Transmutations
    12 | D        | Reached skill level 15 in Fire Magic
    12 | D        | Reached skill level 15 in Ice Magic
    12 | D        | Reached skill level 15 in Air Magic
    12 | D        | Reached skill level 15 in Earth Magic
    12 | D        | Reached skill level 15 in Poison Magic
    12 | D        | Reached *** piety under Makhleb
    12 | D        | Reached XP level 17. HP: 151/151 MP: 2/39
    13 | D        | Noticed a meat berserker
    13 | D        | Noticed a meat berserker
    14 | D        | Noticed a meat berserker
    14 | D        | Killed a meat berserker
    14 | D        | Reached XP level 18. HP: 115/164 MP: 2/42
    15 | D        | Noticed a meat berserker
    15 | D        | Noticed a meat berserker
    15 | D        | Noticed a meat berserker
    16 | D        | Noticed a meat berserker
    16 | D        | Killed a meat berserker
    16 | D        | Reached **** piety under Makhleb
    16 | D        | Reached XP level 19. HP: 174/174 MP: 3/44
    17 | D        | Killed a meat berserker
    17 | D        | Reached ***** piety under Makhleb
    17 | D        | Killed a meat berserker
    17 | D        | Reached XP level 20. HP: 188/188 MP: 3/47
    18 | D        | Noticed a meat berserker
    18 | D        | Noticed a large bag of meat
    18 | D        | Noticed a meat berserker
    19 | D        | Noticed a destroyer
    19 | D        | Killed a meat berserker
    19 | D        | Killed a meat berserker
    19 | D        | Reached XP level 21. HP: 165/199 MP: 4/50
    19 | D        | Reached skill level 27 in Invocations
    20 | D        | Noticed a meat berserker
    20 | D        | Killed a meat berserker
    21 | D        | Noticed a destroyer
    22 | D        | Noticed a meat berserker
    22 | D        | Noticed a destroyer
    22 | D        | Killed a destroyer
    22 | D        | Reached skill level 27 in Fighting
    22 | D        | Reached skill level 27 in Short Blades
    22 | D        | Reached skill level 27 in Long Blades
    22 | D        | Reached skill level 27 in Axes
    22 | D        | Reached skill level 27 in Maces & Flails
    22 | D        | Reached skill level 27 in Polearms
    22 | D        | Reached skill level 27 in Staves
    22 | D        | Reached skill level 27 in Slings
    22 | D        | Reached skill level 27 in Bows
    22 | D        | Reached skill level 27 in Crossbows
    22 | D        | Reached skill level 27 in Throwing
    22 | D        | Reached skill level 27 in Armour
    22 | D        | Reached skill level 27 in Dodging
    22 | D        | Reached skill level 27 in Stealth
    22 | D        | Reached skill level 27 in Shields
    22 | D        | Reached skill level 27 in Unarmed Combat
    22 | D        | Reached skill level 27 in Spellcasting
    22 | D        | Reached skill level 27 in Evocations
    22 | D        | Reached XP level 22. HP: 212/212 MP: 5/53
    22 | D        | Reached ****** piety under Makhleb
    24 | D        | Noticed a destroyer
    24 | D        | Noticed a large bag of meat
    24 | D        | Reached skill level 27 in Conjurations
    24 | D        | Reached skill level 27 in Hexes
    24 | D        | Reached skill level 27 in Charms
    24 | D        | Reached skill level 27 in Summonings
    24 | D        | Reached skill level 27 in Necromancy
    24 | D        | Reached skill level 27 in Translocations
    24 | D        | Reached skill level 27 in Transmutations
    24 | D        | Reached skill level 27 in Fire Magic
    24 | D        | Reached skill level 27 in Ice Magic
    24 | D        | Reached skill level 27 in Air Magic
    24 | D        | Reached skill level 27 in Earth Magic
    24 | D        | Reached skill level 27 in Poison Magic
    24 | D        | Reached XP level 23. HP: 219/219 MP: 5/54
    25 | D        | Killed a destroyer
    25 | D        | Reached XP level 24. HP: 227/227 MP: 6/54
    26 | D        | Noticed a destroyer
    27 | D        | Reached XP level 25. HP: 234/234 MP: 6/54
    29 | D        | Reached XP level 26. HP: 242/242 MP: 7/54
    30 | D        | Noticed a destroyer
    30 | D        | Noticed a large bag of meat
    31 | D        | Killed a destroyer
    32 | D        | Noticed a destroyer
    33 | D        | Killed a destroyer
    33 | D        | Reached XP level 27. HP: 249/249 MP: 8/54
    33 | D        | Killed a large bag of meat
    34 | D        | Killed a destroyer
    36 | D        | Noticed a large bag of meat
    36 | D        | Killed a large bag of meat
    37 | D        | Noticed a destroyer
    37 | D        | Noticed a destroyer
    40 | D        | Killed a large bag of meat
    42 | D        | Killed a destroyer
    42 | D        | Killed a destroyer
    43 | D        | HP: 4/249 [sculptor of flesh/+9 great sword (245)]
    44 | D        | Killed a destroyer
    51 | D        | Killed a destroyer
    55 | D        | Killed a large bag of meat
    57 | D        | Noticed a tyrant
    59 | D        | Noticed a tyrant
    60 | D        | Noticed a dread
    63 | D        | Noticed an accursed
    63 | D        | Noticed a tyrant
    64 | D        | Killed a dread
    65 | D        | Noticed a meat beast
    65 | D        | Noticed a meat beast
    67 | D        | Noticed a large bag of meat
    68 | D        | Noticed The Captor
    68 | D        | Noticed a meat beast
    69 | D        | Noticed a dread
    69 | D        | Noticed a meat beast
    69 | D        | Noticed a dread
    69 | D        | Killed a meat beast
    69 | D        | Killed a meat beast
    71 | D        | Killed a tyrant
    72 | D        | Killed a meat beast
    73 | D        | Noticed a meat beast
    74 | D        | Noticed a meat beast
    74 | D        | Killed The Captor
    74 | D        | Killed a dread
    74 | D        | Killed a dread
    74 | D        | Killed a large bag of meat
    74 | D        | Killed an accursed
    76 | D        | Killed a meat beast
    77 | D        | Killed a meat beast
    77 | D        | Killed a meat beast
    78 | D        | Noticed an accursed
    79 | D        | Noticed a large bag of meat
    80 | D        | Noticed a destroyer
    80 | D        | Noticed a large bag of meat
    81 | D        | Noticed a meat beast
    82 | D        | Noticed a meat beast
    85 | D        | Killed a meat beast
    85 | D        | Killed a tyrant
    87 | D        | Killed a large bag of meat
    87 | D        | Killed a destroyer
    87 | D        | Killed a meat beast
    88 | D        | Noticed a dread
    90 | D        | Annihilated by a sculptor of flesh

Skill      XL: |  1  2  3  4  5  6  7  8  9 10 11 12 13 14 15 16 17 18 19 20 21 22 |
---------------+-------------------------------------------------------------------+-----
Fighting       | 11 13 14 15 17 18 20 22 24 25 27 | 27.0
Short Blades   | 10 12 13 15 16 18 20 21 23 25 27 | 27.0
Long Blades    | 10 12 13 15 16 18 20 21 23 25 27 | 27.0
Axes           | 12 13 14 16 17 19 20 22 24 25 27 | 27.0
Maces & Flails | 10 12 13 15 16 18 20 21 23 25 27 | 27.0
Polearms       | 10 12 13 15 16 18 20 21 23 25 27 | 27.0
Staves         | 10 12 13 15 16 18 20 21 23 25 27 | 27.0
Slings         | 10 12 13 15 16 18 20 21 23 25 27 | 27.0
Bows           | 10 12 13 15 16 18 20 21 23 25 27 | 27.0
Crossbows      | 10 12 13 15 16 18 20 21 23 25 27 | 27.0
Throwing       | 11 13 14 15 17 18 20 22 24 25 27 | 27.0
Armour         | 10 12 13 15 16 18 20 21 23 25 27 | 27.0
Dodging        | 12 13 14 16 17 19 20 22 24 25 27 | 27.0
Stealth        | 10 12 13 15 16 18 20 21 23 25 27 | 27.0
Shields        | 10 12 13 15 16 18 20 21 23 25 27 | 27.0
Unarmed Combat | 10 12 13 15 16 18 20 21 23 25 27 | 27.0
Spellcasting   | 10 12 13 15 16 18 20 21 23 25 27 | 27.0
Conjurations   | 9 10 11 13 14 15 17 19 20 21 24 27 | 27.0
Hexes          | 9 10 11 13 14 15 17 19 20 21 24 27 | 27.0
Charms         | 9 10 11 13 14 15 17 19 20 21 24 27 | 27.0
Summonings     | 9 10 11 13 14 15 17 19 20 21 24 27 | 27.0
Necromancy     | 9 10 11 13 14 15 17 19 20 21 24 27 | 27.0
Translocations | 9 10 11 13 14 15 17 19 20 21 24 27 | 27.0
Transmutations | 9 10 11 13 14 15 17 19 20 21 24 27 | 27.0
Fire Magic     | 9 10 11 13 14 15 17 19 20 21 24 27 | 27.0
Ice Magic      | 9 10 11 13 14 15 17 19 20 21 24 27 | 27.0
Air Magic      | 9 10 11 13 14 15 17 19 20 21 24 27 | 27.0
Earth Magic    | 9 10 11 13 14 15 17 19 20 21 24 27 | 27.0
Poison Magic   | 9 10 11 13 14 15 17 19 20 21 24 27 | 27.0
Invocations    | 11 13 14 16 18 19 21 23 25 26 27 | 27.0
Evocations     | 10 12 13 15 16 18 20 21 23 25 27 | 27.0

Action                   |  1- 3 |  4- 6 |  7- 9 | 10-12 | 13-15 | 16-18 | 19-21 | 22-24 | 25-27 || total
-------------------------+-------+-------+-------+-------+-------+-------+-------+-------+-------++-------
Melee: Executioner's axe |     1 |       |       |     1 |     1 |     3 |     4 |     3 |    33 ||    46
Armor: Leather armour    |       |       |       |       |       |       |       |       |     1 ||     1
Dodge: Dodged            |       |       |       |     1 |       |     1 |     1 |       |    10 ||    13
